AoeStats
← 17_Neo_

MegaRandom

506519046Analyzed
1v1 RM · 19d ago on Sep 13, 2026· 27m 59s· 2 players
Game mode
Random Map
Map size
Tiny (2 player)
Population
200
Speed
Normal
Resources
Standard
Victory
Conquest
Starting age
Dark Age
Ending age
Imperial Age
RankedLock teamsTeams togetherTeam positionsShared explorationLock speedFull tech treeHidden civsTurbo modeCheats
Victory
Defeat
🇨🇴 Mongols · Colombia
1648
+14
🇺🇸 Malay · United States
1615
-14
[TSU] I-am-the-1AW
8:29 Loom
10:46 Feudal Age
11:22 Double-Bit Axe
12:27 Fletching
15:07 Town Watch
16:05 Horse Collar
16:34 Padded Archer Armor
20:04 Castle Age
19:38 Bodkin Arrow
19:33 Crossbowman
17_Neo_
6:04 Loom
8:24 Feudal Age
9:32 Double-Bit Axe
9:29 Horse Collar
15:53 Castle Age
15:01 Fletching
16:36 Bodkin Arrow
21:14 Ballistics
21:37 Padded Archer Armor
23:29 Leather Archer Armor
Connection lost

Rejoining the realm…

Still unreachable

The connection could not be restored.

Session expired

The server has moved on; the page needs a fresh start.